[Event "ICC tourney 2716 (40 10)"]
[Site "Internet Chess Club"]
[Date "2021.10.23"]
[Round "5"]
[White "Ghosh, Dipankar:Dipankar007"]
[Black "BAGCHI, SOUNAK:Chesssaga"]
[Result "1-0"]
[ICCResult "Black resigns"]
[WhiteElo "1850"]
[BlackElo "1870"]
[Opening "Sicilian: closed, 2...Nc6"]
[ECO "B23"]
[NIC "SI.44"]
[Time "20:00:48"]
[PlyCount "63"]
[TimeControl "2400+10"]

1. e4 c5 2. Nc3 Nc6 3. Bb5 Nd4 4. Nf3 a6 5. Bd3 e6 6. O-O Ne7 7. Nxd4 cxd4
8. Ne2 Nc6 9. c3 Bc5 10. b4 Bb6 11. cxd4 Nxd4 12. Bb2 Nxe2+ 13. Qxe2 O-O 14.
Kh1 Qe7 15. f4 Bc7 16. Rf3 e5 17. f5 Qf6 18. Rc1 Bd6 19. a3 b5 20. Bc2 Bb7
21. Bb3 Bc6 22. Rd1 Rfe8 23. d3 Bb8 24. Rdf1 Ba7 25. Rh3 Rad8 26. Qh5 h6 27.
Bc1 Kf8 28. g4 g5 29. Qxh6+ Qxh6 30. Rxh6 Kg7 31. Bxg5 Bb6 32. Rf3
{Black resigns}
1-0

[Event "ICC tourney 2716 (40 10)"]
[Site "Internet Chess Club"]
[Date "2021.10.23"]
[Round "5"]
[White "FANG, JADEN:SaltyCarrot777"]
[Black "IVANOV, ALEXANDER:marble"]
[Result "0-1"]
[ICCResult "White resigns"]
[WhiteElo "2048"]
[BlackElo "2422"]
[Opening "Modern defense"]
[ECO "A40"]
[NIC "QO.17"]
[Time "20:00:38"]
[PlyCount "66"]
[TimeControl "2400+10"]

1. d4 g6 2. c4 Bg7 3. Nc3 c5 4. d5 d6 5. e4 e6 6. Nf3 exd5 7. cxd5 a6 8. a4
Bg4 9. Be2 Bxf3 10. Bxf3 Nd7 11. O-O Ne7 12. Bf4 Ne5 13. Be2 O-O 14. Qd2 f5
15. Rfe1 Rf7 16. Bf1 Qf8 17. h3 h6 18. Bxe5 Bxe5 19. f4 Bd4+ 20. Kh1 fxe4
21. Rxe4 g5 22. Ne2 Bg7 23. Kg1 Rf5 24. g4 Rxd5 25. Qe3 Ng6 26. Qb3 Qf7 27.
Nc3 Rd4 28. Qxf7+ Kxf7 29. fxg5 d5 30. Rxd4 Bxd4+ 31. Kh1 hxg5 32. Re1 Nf4
33. Bg2 Rd8 {White resigns} 0-1

[Event "ICC tourney 2716 (40 10)"]
[Site "Internet Chess Club"]
[Date "2021.10.23"]
[Round "5"]
[White "LIN, LEO FANYUE:Leolix"]
[Black "DENG, HENRY:SuperPuzzler"]
[Result "0-1"]
[ICCResult "White resigns"]
[WhiteElo "1850"]
[BlackElo "2061"]
[Opening "Scotch: Schmidt variation"]
[ECO "C45"]
[NIC "SO.04"]
[Time "20:00:37"]
[PlyCount "88"]
[TimeControl "2400+10"]

1. e4 e5 2. Nf3 Nc6 3. d4 exd4 4. Nxd4 Nf6 5. Nxc6 bxc6 6. Bd3 d5 7. Qe2
dxe4 8. Nc3 Bb4 9. Bxe4 O-O 10. Bxc6 Rb8 11. O-O Qd6 12. Bb5 Ng4 13. g3 Qg6
14. Bd3 Qh5 15. h4 Bb7 16. Re1 Rfe8 17. Qxe8+ Rxe8 18. Rxe8+ Bf8 19. Bg5 Bc6
20. Rd8 Ne5 21. Be4 f6 22. Be3 Bxe4 23. Nxe4 Nc6 24. Ra8 Qd5 25. Nc3 Qf5 26.
Rd1 Kf7 27. Rd5 Qe6 28. Kg2 Bb4 29. Rd3 Ne5 30. Rdd8 Qc6+ 31. Kg1 Nf3+ 32.
Kf1 Bxc3 33. bxc3 Qc4+ 34. Kg2 Ne1+ 35. Kg1 Nf3+ 36. Kg2 Qe2 37. h5 Ne1+ 38.
Kg1 Qxh5 39. Rd7+ Kg6 40. Rg8 Qh3 41. Rgxg7+ Kf5 42. g4+ Ke4 43. Rd4+ Kf3
44. Rf4+ Ke2 {White resigns} 0-1

[Event "ICC tourney 2716 (40 10)"]
[Site "Internet Chess Club"]
[Date "2021.10.23"]
[Round "5"]
[White "CHINNI, RISHABH:alphachesplayer"]
[Black "CHUBAKOV, SULTAN:schubakov"]
[Result "0-1"]
[ICCResult "White resigns"]
[WhiteElo "1498"]
[BlackElo "2025"]
[Opening "Sicilian: Kan, 5.Bd3"]
[ECO "B42"]
[NIC "SI.42"]
[Time "20:00:37"]
[PlyCount "114"]
[TimeControl "2400+10"]

1. e4 c5 2. Nf3 e6 3. d4 cxd4 4. Nxd4 a6 5. Bd3 Nf6 6. c4 Nc6 7. Be3 Bb4+ 8.
Nc3 Qc7 9. O-O O-O 10. Qe2 d6 11. f4 Nxd4 12. Bxd4 e5 13. Be3 Bxc3 14. bxc3
Bg4 15. Qd2 Be6 16. fxe5 dxe5 17. Rxf6 gxf6 18. Qf2 Qe7 19. Bh6 Kh8 20. Bxf8
Rxf8 21. Rf1 Rc8 22. Qxf6+ Qxf6 23. Rxf6 Kg7 24. Rf3 Bxc4 25. Bxc4 Rxc4 26.
Re3 f6 27. Kf2 b5 28. Kf3 Ra4 29. Re2 Ra3 30. Rc2 b4 31. Ke3 bxc3 32. Kd3
Kg6 33. g3 h5 34. h4 f5 35. Ke3 fxe4 36. Kxe4 Kf6 37. Rf2+ Ke6 38. Rc2 Ra4+
39. Kf3 Rc4 40. Ke3 Kf5 41. Kf3 e4+ 42. Ke3 Kg4 43. Kf2 a5 44. a4 e3+ 45.
Kxe3 Kxg3 46. Kd3 Rc6 47. Ke4 Kxh4 48. Kf4 Rc4+ 49. Kf3 Kg5 50. Kg3 h4+ 51.
Kh3 Kf5 52. Kg2 Ke4 53. Re2+ Kd3 54. Re8 c2 55. Rd8+ Kc3 56. Rf8 c1=Q 57.
Rf3+ Kb4 {White resigns} 0-1

[Event "ICC tourney 2716 (40 10)"]
[Site "Internet Chess Club"]
[Date "2021.10.23"]
[Round "5"]
[White "SLADE, THEODORE LUKE:MrNormalName"]
[Black "FAWZY, ADHAM:domti"]
[Result "0-1"]
[ICCResult "White forfeits on time"]
[WhiteElo "2112"]
[BlackElo "2542"]
[Opening "Catalan opening"]
[ECO "E00"]
[NIC "CA.01"]
[Time "20:01:30"]
[PlyCount "66"]
[TimeControl "2400+10"]

1. d4 Nf6 2. c4 e6 3. g3 Bb4+ 4. Bd2 Qe7 5. Bg2 O-O 6. Nf3 b6 7. O-O Bxd2 8.
Nfxd2 d5 9. cxd5 exd5 10. Nc3 Bb7 11. Re1 Qd7 12. Rc1 Na6 13. e4 dxe4 14.
Ndxe4 Nd5 15. Qh5 Rad8 16. Bh3 Qc6 17. Bf5 h6 18. Nxd5 Qxd5 19. Rcd1 Rfe8
20. f3 Kf8 21. Kg2 Qxa2 22. Nf6 Rxe1 23. Rxe1 Qxb2+ 24. Kh3 Qxd4 25. Nh7+
Kg8 26. Ng5 Qf6 27. Nxf7 Qxf7 28. Be6 Qxe6+ 29. Rxe6 Bc8 30. Qg6 Nc5 31. f4
Bxe6+ 32. f5 Bd7 33. g4 Be8 {White forfeits on time} 0-1

[Event "ICC tourney 2716 (40 10)"]
[Site "Internet Chess Club"]
[Date "2021.10.23"]
[Round "5"]
[White "TANG, ZOEY:WonderZ"]
[Black "ZENG, ELBERT:investigator"]
[Result "1-0"]
[ICCResult "Black resigns"]
[WhiteElo "2081"]
[BlackElo "2028"]
[Opening "Trompowsky attack (Ruth, Opocenský opening)"]
[ECO "A45"]
[NIC "QP.07"]
[Time "20:00:39"]
[PlyCount "59"]
[TimeControl "2400+10"]

1. d4 Nf6 2. Bg5 g6 3. Bxf6 exf6 4. e3 Bg7 5. g3 f5 6. Bg2 O-O 7. Ne2 d6 8.
O-O Nd7 9. c4 Nf6 10. Nbc3 h5 11. h4 Ng4 12. Nf4 g5 13. hxg5 Qxg5 14. Nb5 h4
15. Qf3 Qd8 16. Rab1 c6 17. Nc3 Bh6 18. b4 Kg7 19. b5 Bd7 20. bxc6 bxc6 21.
e4 fxe4 22. Nxe4 f5 23. Nxd6 Rh8 24. Rb7 Bxf4 25. Qxf4 Kg6 26. Bxc6 Bc8 27.
Nxc8 Rxc8 28. Rd7 Qf8 29. Rd6+ Kh7 30. Bd7 {Black resigns} 1-0

[Event "ICC tourney 2716 (40 10)"]
[Site "Internet Chess Club"]
[Date "2021.10.23"]
[Round "5"]
[White "Wan, Caleb:chess-caleb"]
[Black "POMERANTZ, DANIEL G:dpomerantz135"]
[Result "1/2-1/2"]
[ICCResult "Game drawn by repetition"]
[WhiteElo "2028"]
[BlackElo "2050"]
[Opening "Sicilian: Taimanov (Bastrikov) variation"]
[ECO "B47"]
[NIC "SI.40"]
[Time "20:00:37"]
[PlyCount "109"]
[TimeControl "2400+10"]

1. e4 c5 2. Nf3 e6 3. d4 cxd4 4. Nxd4 Nc6 5. Nc3 Qc7 6. g3 a6 7. Bg2 Nf6 8.
O-O Nxd4 9. Qxd4 Bc5 10. Bf4 d6 11. Qd2 e5 12. Be3 Be6 13. Bxc5 dxc5 14. Nd5
Bxd5 15. exd5 Qd6 16. Rae1 O-O 17. f4 exf4 18. Qxf4 Rad8 19. Re5 b5 20. Rfe1
c4 21. Bf3 Qc5+ 22. Kg2 Rd6 23. g4 h6 24. h4 Nd7 25. Re8 Rf6 26. Rxf8+ Nxf8
27. Qb8 Qd6 28. Re8 Qxb8 29. Rxb8 Rd6 30. Kf2 g6 31. Rc8 Kg7 32. Ke3 g5 33.
h5 Nd7 34. Rd8 Kf6 35. Kd4 Ke7 36. Rh8 Rf6 37. Be4 Rf4 38. Ke3 Nf6 39. Bf3
Nxg4+ 40. Bxg4 Rxg4 41. Rxh6 Rh4 42. Rxa6 Rxh5 43. Rb6 Rh2 44. Rxb5 Rxc2 45.
Rb6 g4 46. Kf4 Rd2 47. Kxg4 Rxd5 48. Kf4 Ra5 49. a3 c3 50. bxc3 Rxa3 51.
Rb7+ Ke6 52. Rb6+ Ke7 53. Rb7+ Ke6 54. Rb6+ Ke7 55. Rb7+
{Game drawn by repetition}
1/2-1/2

[Event "ICC tourney 2716 (40 10)"]
[Site "Internet Chess Club"]
[Date "2021.10.23"]
[Round "5"]
[White "SHAWKAT, SAIF:saif-shawkat"]
[Black "Turcotte, Jonathan:JonnyTurgi"]
[Result "0-1"]
[ICCResult "White resigns"]
[WhiteElo "1970"]
[BlackElo "2000"]
[Opening "Caro-Kann defense"]
[ECO "B10"]
[NIC "CK.01"]
[Time "20:00:34"]
[PlyCount "130"]
[TimeControl "2400+10"]

1. e4 c6 2. Nf3 d5 3. d3 Bg4 4. h3 Bxf3 5. Qxf3 Nf6 6. g3 e6 7. Bg2 Bb4+ 8.
c3 Be7 9. O-O O-O 10. Nd2 a5 11. e5 Nfd7 12. d4 c5 13. Qe3 Nc6 14. f4 cxd4
15. Qd3 dxc3 16. bxc3 a4 17. Rb1 Nc5 18. Qb5 Qa5 19. Rf3 Qxb5 20. Rxb5 Ra5
21. Rb1 b5 22. Ba3 Rb8 23. Bb4 Ra6 24. Bf1 Rab6 25. Kg2 Nxb4 26. cxb4 Na6
27. a3 Rc6 28. Bd3 g6 29. Rb2 Rc3 30. Nb1 Rc1 31. Rf1 Rc6 32. Rff2 Nc7 33.
Rfc2 Rbb6 34. Nd2 Kf8 35. Nf3 Ke8 36. Nd4 Rxc2+ 37. Rxc2 Kd7 38. g4 f6 39.
Kf3 fxe5 40. fxe5 Bf8 41. h4 Bg7 42. Rc5 Bxe5 43. Nxb5 Rc6 44. Rxc6 Kxc6 45.
Nxc7 Kxc7 46. Bb5 Bb2 47. Bxa4 Bxa3 48. h5 g5 49. b5 h6 50. Bc2 Kb6 51. Bg6
e5 52. Bf7 Kc5 53. b6 e4+ 54. Ke2 Kd4 55. b7 Bd6 56. Be8 Bb8 57. Ba4 Ke5 58.
Bd7 d4 59. Bf5 Kf4 60. Bd7 d3+ 61. Kd2 Kf3 62. Bc6 Bf4+ 63. Kd1 Ke3 64. Bd7
Kd4 65. Bf5 e3 {White resigns} 0-1

[Event "ICC tourney 2716 (40 10)"]
[Site "Internet Chess Club"]
[Date "2021.10.23"]
[Round "5"]
[White "WU, WILLIAM:K09-15782241"]
[Black "SATTARU, SRITEJ SAI:FL2009"]
[Result "1/2-1/2"]
[ICCResult "Game drawn by repetition"]
[WhiteElo "1904"]
[BlackElo "1795"]
[Opening "Vienna game"]
[ECO "C28"]
[NIC "IG.04"]
[Time "20:00:39"]
[PlyCount "93"]
[TimeControl "2400+10"]

1. e4 e5 2. Bc4 Nc6 3. Nc3 Nf6 4. d3 Na5 5. Bb3 Nxb3 6. axb3 Be7 7. Nf3 d6
8. h3 O-O 9. O-O c6 10. Bg5 h6 11. Bh4 Nh5 12. Bxe7 Qxe7 13. Ne2 a6 14. Ng3
Nxg3 15. fxg3 f5 16. exf5 Bxf5 17. Nh4 Qg5 18. Kh2 Rf6 19. Nxf5 Rxf5 20.
Rxf5 Qxf5 21. Qf3 Rf8 22. Rf1 g6 23. g4 Qf7 24. Kg3 Kg7 25. h4 Qf6 26. Qxf6+
Rxf6 27. Rf3 Kf7 28. g5 Rxf3+ 29. gxf3 h5 30. f4 Ke6 31. b4 c5 32. bxc5 dxc5
33. c3 b6 34. Kf3 Kf5 35. fxe5 Kxe5 36. Ke3 Kd5 37. Kf3 a5 38. b3 b5 39. Ke3
b4 40. cxb4 axb4 41. Ke2 Ke6 42. Kf2 Kd6 43. Kf3 Kd5 44. Ke2 Kd4 45. Kd2 Ke5
46. Ke3 Kd5 47. Ke2 {Game drawn by repetition} 1/2-1/2